 Dungeon Crawl Stone Soup version 0.24.0-125-gc4c63601f3 (webtiles) character file.

Game seed: 16888601070797158396, levelgen mode: deterministic

176552 Peloso the Hoplite (level 17, 0/154 HPs)
             Began as a Minotaur Fighter on Mar 2, 2020.
             Was a High Priest of Okawaru.
             Slain by a merfolk
             ... wielding a +0 trident
              (4 damage)
             ... on level 3 of the Shoals.
             The game lasted 01:34:57 (32872 turns).

Peloso the Hoplite (Minotaur Fighter)              Turns: 32872, Time: 01:34:59

Health: 0/154      AC: 36    Str: 25    XL:     17   Next: 24%
Magic:  18/18      EV:  8    Int:  5    God:    Okawaru [*****.]
Gold:   935        SH: 25    Dex: 13    Spells: 16/16 levels left

rFire    + . .     SeeInvis +   b - +7 mace "Daytzavo" {elec, *Contam rElec rPois rN++}
rCold    . . .     Gourm    .   c - +0 shield
rNeg     + + .     Faith    .   i - +0 crystal plate armour
rPois    +         Spirit   .   d - +2 hat {MR+}
rElec    +         Reflect  +   B - +4 cloak "Tearore" {rF+}
rCorr    +         Harm     .   C - +1 pair of gloves {archery}
MR       ++++.                  x - +0 pair of boots
Stlth    ..........             U - brooch of Shielding {Reflect SH+8}
HPRegen  0.35/turn              j - ring "Qingamif" {MR++ rCorr SInv}
MPRegen  0.16/turn              (no ring)

@: engulfed (cannot breathe), very slow
A: retaliatory headbutt, horns 2
}: 1/15 runes: barnacled
a: Heroism, Finesse, Renounce Religion


You were on level 3 of the Shoals.
You worshipped Okawaru.
Okawaru was extremely pleased with you.
You were not hungry.

You visited 4 branches of the dungeon, and saw 27 of its levels.
You visited 1 bazaar.
You also visited: Trove, Bailey and Gauntlet.

You collected 3021 gold pieces.
You spent 2086 gold pieces at shops.

Inventory:

Hand Weapons
 a - a +3 scimitar of slicing
 b - the +7 mace "Daytzavo" (weapon) {elec, *Contam rElec rPois rN++}
   (You found it on level 7 of the Dungeon)

   Occasionally, upon striking a foe, it will discharge some electrical energy
   and cause terrible harm.
   It insulates you from electricity.
   It protects you from poison.
   It greatly protects you from negative energy.
   It causes magical contamination when unequipped.
 D - a +2 falchion of protection
Armour
 c - a +0 shield (worn)
 d - a +2 hat of magic resistance (worn)
 i - a +0 crystal plate armour (worn)
 x - a +0 pair of boots (worn)
 B - the +4 cloak "Tearore" (worn) {rF+}
   (You found it in a bailey)

   It protects you from fire.
 C - a +1 pair of gloves of archery (worn)
 G - the +2 steam dragon scales of the Furies {*Slow +Inv rPois MR+}
   (You found it on level 4 of the Shoals)

   It protects you from poison.
   It affects your resistance to hostile enchantments.
   It lets you turn invisible.
   It may slow you when you take damage.
Jewellery
 j - the ring "Qingamif" (left hand) {MR++ rCorr SInv}
   (You bought it in a shop on level 12 of the Dungeon)

   [ring of resist corrosion]

   It affects your resistance to hostile enchantments.
   It lets you see invisible.
   It provides partial protection from all sources of acid and corrosion.
 o - an uncursed ring of protection from cold
 y - an uncursed amulet of magic regeneration
 I - an uncursed ring of protection from fire
 N - the amulet of Xogofife {Regen+ Dex+5}
   (You found it on level 15 of the Dungeon)

   [amulet of regeneration]

   It affects your dexterity (+5).
   It increases your rate of regeneration.
 T - the amulet of Etupp {Faith MR+}
   (You bought it in a shop in a bazaar)

   [amulet of faith]

   It allows you to gain divine favour quickly.
   It affects your resistance to hostile enchantments.
 U - the brooch of Shielding (around neck) {Reflect SH+8}
   (You bought it in a shop in a bazaar)

   [amulet of reflection]

   It shields you and reflects attacks.
   It affects your SH (+8).
 V - the amulet "Munumecheomp" {Acrobat rElec rC+ Int+2 Stlth+}
   (You bought it in a shop in a bazaar)

   [amulet of the acrobat]

   It helps you evade while moving and waiting.
   It affects your intelligence (+2).
   It protects you from cold.
   It insulates you from electricity.
   It makes you more stealthy.
Wands
 l - a wand of enslavement (4)
 p - a wand of paralysis (4)
 u - a wand of digging (7)
Scrolls
 e - 3 scrolls of teleportation
 h - 12 scrolls of remove curse
 k - a scroll of silence
 n - 2 scrolls of noise
 A - 5 scrolls of immolation
 O - a scroll of fear
 R - 6 scrolls of magic mapping
Potions
 g - 4 potions of heal wounds
 m - a potion of resistance
 q - 6 potions of haste
 r - a potion of berserk rage {unknown}
 s - 14 potions of curing
 v - a potion of magic
 w - 4 potions of agility
 z - 2 potions of flight
 F - 6 potions of might
 P - 2 potions of cancellation
Miscellaneous
 t - a sack of spiders
Comestibles
 f - 52 rations
 E - a chunk of flesh


   Skills:
 + Level 14.4 Fighting
 + Level 8.9 Long Blades
 + Level 16.3 Maces & Flails
 + Level 16.3 Armour
 + Level 3.9 Dodging
 + Level 2.1 Stealth
 + Level 21.6 Shields
 + Level 2.7 Invocations
 + Level 0.9 Evocations


You had 16 spell levels left.
You didn't know any spells.
Your spell library contained the following spells:

 Spells                   Type           Power        Failure   Level  Hunger
 Animate Skeleton         Necr           N/A          100%        1    ##.....
 Corona                   Hex            #......      100%        1    ##.....
 Flame Tongue             Conj/Fire      #....        100%        1    ##.....
 Freeze                   Ice            #...         100%        1    ##.....
 Pain                     Necr           #...         100%        1    ##.....
 Shock                    Conj/Air       #...         100%        1    ##.....
 Ensorcelled Hibernation  Hex/Ice        #.....       100%        2    ###....
 Swiftness                Chrm/Air       #.......     100%        2    ###....
 Throw Flame              Conj/Fire      #.....       100%        2    ###....
 Throw Frost              Conj/Ice       #.....       100%        2    ###....
 Confuse                  Hex            #.......     100%        3    ####...
 Conjure Flame            Conj/Fire      #.......     100%        3    ####...
 Dazzling Spray           Conj/Hex       #.....       100%        3    ####...
 Inner Flame              Hex/Fire       #.......     100%        3    ####...
 Ozocubu's Armour         Chrm/Ice       #.......     100%        3    ####...
 Regeneration             Chrm/Necr      #.........   100%        3    ####...
 Static Discharge         Conj/Air       #.......     100%        3    ####...
 Tukima's Dance           Hex            #.......     100%        3    ####...
 Vampiric Draining        Necr           #.........   100%        3    ####...
 Airstrike                Air            #.........   100%        4    #####..
 Animate Dead             Necr           N/A          100%        4    #####..
 Sticky Flame             Conj/Fire      #.......     100%        4    #####..
 Summon Ice Beast         Ice/Summ       #.......     100%        4    #####..
 Throw Icicle             Conj/Ice       #.......     100%        4    #####..
 Bolt of Magma            Conj/Fire/Erth #.........   100%        5    ######.
 Fireball                 Conj/Fire      #.........   100%        5    ######.
 Iskenderun's Battlesphe  Conj/Chrm      #.......     100%        5    ######.
 Lightning Bolt           Conj/Air       #.........   100%        5    ######.
 Venom Bolt               Conj/Pois      #.........   100%        5    ######.
 Iron Shot                Conj/Erth      #.........   100%        6    #######
 Malign Gateway           Summ/Tloc      #.........   100%        7    #######
 Monstrous Menagerie      Summ           #.........   100%        7    #######
 Orb of Destruction       Conj           #.........   100%        7    #######
 Spellforged Servitor     Conj/Summ      #.........   100%        7    #######
 Summon Greater Demon     Summ           #.........   100%        7    #######
 Ignition                 Fire           #.........   100%        8    #######
 Summon Horrible Things   Summ           #.........   100%        8    #######
 Shatter                  Erth           #.........   100%        9    #######
 Tornado                  Air            #.........   100%        9    #######


Dungeon Overview and Level Annotations

Branches:
Dungeon (15/15)            Temple (0/1) D:7            Lair (6/6) D:10
 Shoals (4/4) Lair:4        Snake (0/4) Lair:3        Slime (0/5) Lair:5
    Orc (2/2) D:12            Elf (0/3) Orc:2        Vaults (0/5) D:14
 Depths (0/5) D:15         Bailey (visited)         Gauntlet (visited)

Altars:
Dithmenos
Fedhas
Hepliaklqana
Kikubaaqudgha
Okawaru
Qazlal
Sif Muna
Vehumet
Yredelemnul
Beogh
Jiyva

Shops:
D:12 *   D:15 [   Orc:2 [(=*

Annotations:
Shoals:3 Ilsuiw


Innate Abilities, Weirdness & Mutations

You reflexively headbutt those who attack you in melee.
You have a pair of horns on your head.


Message History

You cannot call out to Okawaru while unable to breathe.
You cannot call out to Okawaru while unable to breathe.
Your unstable footing causes you to fumble your attack.
* * * LOW HITPOINT WARNING * * *
Your lungs strain for air!
You block the merfolk's attack.
You block the water elemental's attack. x2
The merfolk siren chants a haunting song.
You resist with almost no effort. Ilsuiw gestures at you while chanting.
The shard of ice hits you!!
* * * LOW HITPOINT WARNING * * *
The water elemental hits you.
* * * LOW HITPOINT WARNING * * *
You hit Ilsuiw but do no damage.
Ilsuiw is heavily wounded.
* * * LOW HITPOINT WARNING * * *
Your lungs strain for air!
You block the water elemental's attack.
The merfolk hits you from afar with a +0 trident.
You die...

.......≈≈≈≈≈≈≈≈.≈≈≈......####..≈≈
.#####.≈≈≈≈≈≈≈≈≈.≈≈≈.##...#>....≈
## ##..≈≈≈≈≈≈≈≈≈....###..####...
# ##...≈≈≈≈≈≈..≈≈≈[## #.## ###.
####..≈≈...≈≈≈...≈≈.# ### ##
.....≈≈<.##≈≈)##(≈≈.## ##### #
≈≈≈≈≈≈≈.##.≈≈≈...>≈≈.# #...# ##
≈≈≈≈≈≈≈≈.≈≈≈≈≈≈EE≈≈≈.###..## #.
≈≈≈≈≈≈≈≈≈≈≈≈≈≈mE@≈≈≈.....##### #.
≈≈≈≈≈≈≈≈≈≈≈≈≈≈m≈≈m≈≈≈≈..## #.####
≈≈≈≈≈≈≈≈.#..≈≈≈≈≈≈≈≈)≈[## #..# #
≈≈≈≈≈≈≈.###.≈≈≈≈≈≈≈≈≈≈.#####..###
≈≈.≈≈≈≈.# #.≈≈≈≈≈≈≈≈≈≈≈....(.....
≈..≈≈≈≈.###≈≈≈≈≈≈≈≈≈≈≈≈≈≈.≈≈≈≈...
.#.≈≈≈≈....≈≈≈≈≈≈≈≈≈≈≈≈≈≈......≈≈
≈.≈≈≈≈≈≈≈≈≈≈≈≈≈≈≈≈≈≈≈≈≈≈≈≈......≈
≈≈≈≈≈≈≈≈≈≈≈≈≈≈≈≈≈≈≈≈≈≈≈≈≈≈..###.≈


You could see Ilsuiw (invisible), a merfolk, 3 water elementals and a merfolk
siren.

Vanquished Creatures
  Rupert (D:12)
  Polyphemus (Shoals:3)
  Roxanne (Shoals:4)
  Donald (Shoals:1)
  An orc warlord (Orc:2)
  A frost giant (Shoals:4)
  The ghost of Xuajume the Unseen, an adept SpCj of Hepliaklqana (Shoals:2)
  A dire elephant (D:15)
  A minotaur (Gauntlet)
  The ghost of Puepiyp the Fighter, a journeyman VSTm of Dithmenos (Lair:6)
  An ettin (Orc:2)
  The ghost of Hoavos the Cleaver, a journeyman FoFi of the Shining One (D:14)
  4 merfolk javelineers
  11 merfolk impalers
  Erolcha (D:10)
  An ogre mage (D:14)
  Josephine (Shoals:1)
  A great orb of eyes (Gauntlet)
  9 hydras
  4 catoblepae
  10 merfolk aquamancers
  A death knight (D:12)
  A satyr (Shoals:3)
  4 centaur warriors
  4 merfolk avatars
  An alligator snapping turtle (Shoals:1)
  4 two-headed ogres
  An anaconda (Lair:6)
  A queen ant (Gauntlet)
  10 death yaks
  2 tengu warriors (D:15)
  Nergalle (D:10)
  2 orc high priests
  Sonja (Lair:1)
  A deep elf knight (D:14)
  A skeletal warrior (D:14)
  A shadow wraith (D:14)
  3 unseen horrors
  17 sea snakes
  2 wizards (D:15)
  7 orc knights
  10 harpies
  A phantasmal warrior (D:14)
  6 fauns
  15 manticores
  6 deep elf magi
  2 cyclopes
  2 oklob plants (Lair:2)
  4 ugly things
  4 orc sorcerers
  3 elephants (Lair:5)
  A wolf spider (D:15)
  6 black mambas
  10 merfolk sirens
  3 centaur zombies
  6 water nymphs
  Psyche (D:10)
  5 komodo dragons
  6 spiny frogs
  A kobold demonologist (D:14)
  A gargoyle (D:14)
  A yaktaur (Shoals:4)
  A rime drake (Lair:5)
  5 freezing wraiths
  A redback zombie (D:15)
  3 trolls
  A queen bee (Lair:4)
  A tengu conjurer (D:15)
  28 merfolk
  3 meliai (Lair:4)
  2 wind drakes
  A polar bear (Lair:5)
  15 blink frogs
  6 hippogriffs
  2 hornets
  4 slime creatures
  2 large abominations (Gauntlet)
  A wolf spider simulacrum (D:14)
  7 snapping turtles
  A spriggan (Lair:5)
  A shadow (D:14)
  A vampire (D:9)
  7 wraiths
  4 wyverns
  3 basilisks
  48 yaks
  12 water elementals
  Eustachio (D:4)
  4 vampire mosquitoes
  Grum (D:10)
  3 hungry ghosts
  A warg (Orc:2)
  5 soldier ants
  17 water moccasins
  13 porcupines
  36 orc warriors
  2 ice beasts
  3 black bears
  An eye of draining (D:10)
  2 sky beasts
  3 phantoms
  A necrophage (D:10)
  3 wolves (D:10)
  19 ogres
  8 centaurs
  13 crocodiles
  22 bullfrogs
  4 big kobolds
  4 small abominations (Gauntlet)
  6 scorpions
  A wyvern skeleton (D:14)
  25 killer bees
  14 wights
  3 electric eels
  3 howler monkeys
  12 crimson imps
  Crazy Yiuf (D:7)
  4 bullfrog zombies
  8 jellies
  24 orc wizards
  8 centaur skeletons
  5 hounds
  3 iguanas
  12 orc priests
  7 worker ants
  A hound zombie (D:11)
  A hound skeleton (D:8)
  A worker ant zombie (D:5)
  12 gnolls
  20 adders
  4 shadow imps
  4 oozes
  2 adder skeletons
  An adder zombie (D:7)
  A worm (D:2)
  5 dart slugs
  6 leopard geckos
  90 orcs
  10 bats
  7 giant cockroaches
  12 goblins
  17 hobgoblins
  19 jackals
  9 kobolds
  3 quokkas
  3 ball pythons
  7 frilled lizards
  9 rats
  2 fungi
  11 plants (Lair:5)
932 creatures vanquished.

Vanquished Creatures (others)
  A satyr (Shoals:4)
  A harpy (Shoals:2)
  2 fauns (Shoals:2)
  A shadow (D:15)
  A wraith (D:10)
  An orc priest (Orc:2)
  A bush (Shoals:4)
  7 fungi
  6 plants
21 creatures vanquished.

Grand Total: 953 creatures vanquished

Notes
Turn   | Place    | Note
-------+----------+-------------------------------------------
     0 | D:1      | Peloso the Minotaur Fighter began the quest for the Orb.
     0 | D:1      | Reached XP level 1. HP: 19/19 MP: 0/0
    23 | D:1      | Reached XP level 2. HP: 26/27 MP: 1/1
   168 | D:1      | Reached skill level 4 in Shields
   334 | D:1      | Reached XP level 3. HP: 32/33 MP: 2/2
   892 | D:2      | Reached XP level 4. HP: 28/40 MP: 3/3
   904 | D:2      | Found a stormy altar of Qazlal.
   906 | D:2      | Noticed a water elemental
   908 | D:2      | Noticed an air elemental
   908 | D:2      | Noticed an earth elemental
   908 | D:2      | Noticed a fire elemental
   998 | D:2      | Reached skill level 1 in Dodging
  1874 | D:3      | Found a basalt altar of Yredelemnul.
  2146 | D:4      | Noticed Eustachio
  2180 | D:4      | Killed Eustachio
  2180 | D:4      | Reached skill level 5 in Shields
  2180 | D:4      | Reached XP level 5. HP: 18/47 MP: 4/4
  2412 | D:4      | Found a shadowy altar of Dithmenos.
  2415 | D:4      | Found a hazy altar of Hepliaklqana.
  2418 | D:4      | Found an iron altar of Okawaru.
  2442 | D:4      | Became a worshipper of Warmaster Okawaru
  2458 | D:4      | Noticed an ogre
  2458 | D:4      | Noticed a phantom
  2471 | D:4      | Reached XP level 6. HP: 53/53 MP: 5/5
  2566 | D:4      | Reached skill level 5 in Armour
  2621 | D:3      | Reached skill level 6 in Shields
  3025 | D:3      | Reached * piety under Okawaru
  3025 | D:3      | Reached skill level 5 in Long Blades
  3204 | D:4      | Reached XP level 7. HP: 58/60 MP: 6/6
  3611 | D:5      | Entered Level 5 of the Dungeon
  3708 | D:5      | Got a polished leather armour
  3719 | D:5      | Identified the +1 leather armour of Ytifi {rC+ Str+2 Int-3
                  | Dex+2} (You found it on level 5 of the Dungeon)
  3801 | D:5      | Reached skill level 5 in Fighting
  4286 | D:5      | Reached ** piety under Okawaru
  4286 | D:5      | Reached skill level 7 in Shields
  4622 | D:6      | Found an ancient bone altar of Kikubaaqudgha.
  4664 | D:6      | Reached XP level 8. HP: 68/68 MP: 7/7
  5436 | D:7      | Reached skill level 8 in Shields
  5521 | D:7      | Reached *** piety under Okawaru
  5600 | D:7      | Reached XP level 9. HP: 75/75 MP: 8/8
  6250 | D:7      | Found a staircase to the Ecumenical Temple.
  6470 | D:7      | Found a runed translucent door.
  6471 | D:7      | Noticed Crazy Yiuf
  6477 | D:7      | Killed Crazy Yiuf
  6486 | D:7      | Got a twisted mace
  6487 | D:7      | Identified the +7 mace "Daytzavo" {elec, *Contam rElec
                  | rPois rN++} (You found it on level 7 of the Dungeon)
  6566 | D:8      | Reached skill level 1 in Stealth
  6572 | D:8      | Found a blossoming altar of Fedhas.
  6661 | D:8      | Reached **** piety under Okawaru
  6834 | D:8      | Found a shimmering blue altar of Sif Muna.
  6885 | D:8      | Reached skill level 1 in Maces & Flails
  6885 | D:8      | Reached skill level 9 in Shields
  7187 | D:9      | Found a flagged portal.
  7210 | Bailey   | Entered a bailey
  7444 | Bailey   | Noticed an orc knight
  7450 | Bailey   | Noticed an orc knight
  7459 | Bailey   | Killed an orc knight
  7459 | Bailey   | Reached ***** piety under Okawaru
  7459 | Bailey   | Reached XP level 10. HP: 46/84 MP: 6/9
  7504 | Bailey   | HP: 2/84 [orc knight/+0 glaive (24)]
  7775 | Bailey   | Got an encrusted cloak
  7787 | Bailey   | Identified the +4 cloak "Tearore" {rF+} (You found it in a
                  | bailey)
  8047 | Bailey   | Killed an orc knight
  8051 | Bailey   | Reached skill level 10 in Shields
  8513 | D:9      | Noticed a two-headed ogre
  8520 | D:9      | Killed a two-headed ogre
  8520 | D:9      | Reached skill level 1 in Invocations
  8564 | D:9      | Reached skill level 5 in Maces & Flails
  9044 | D:10     | Entered Level 10 of the Dungeon
  9048 | D:10     | Noticed Erolcha
  9048 | D:10     | Noticed Psyche
  9067 | D:10     | Killed Erolcha
  9067 | D:10     | Received a gift from Okawaru
  9067 | D:10     | Reached skill level 10 in Armour
  9067 | D:10     | Reached skill level 11 in Shields
  9079 | D:10     | Killed Psyche
  9102 | D:10     | Noticed Grum
  9115 | D:10     | Killed Grum
  9115 | D:10     | Reached ****** piety under Okawaru
  9176 | D:10     | Found a staircase to the Lair.
  9193 | D:10     | Received a gift from Okawaru
  9200 | D:10     | Reached XP level 11. HP: 83/92 MP: 4/11
  9424 | D:10     | Noticed Nergalle
  9433 | D:10     | Killed Nergalle
 10383 | D:11     | Noticed a white ugly thing
 10389 | D:11     | Killed a white ugly thing
 10389 | D:11     | Reached skill level 12 in Shields
 10700 | D:11     | Paralysed by a hornet for 1 turns
 10945 | D:12     | Noticed a five-headed hydra
 11030 | Lair:1   | Entered Level 1 of the Lair of Beasts
 11184 | Lair:1   | Reached skill level 10 in Maces & Flails
 11272 | Lair:1   | Noticed Sonja
 11276 | Lair:1   | Killed Sonja
 11282 | Lair:1   | Received a gift from Okawaru
 11283 | Lair:1   | Noticed an eight-headed hydra
 11296 | Lair:1   | Killed an eight-headed hydra
 11296 | Lair:1   | Reached skill level 13 in Shields
 11296 | Lair:1   | Reached XP level 12. HP: 64/103 MP: 9/12
 11505 | Lair:1   | Noticed an eight-headed hydra
 11516 | Lair:1   | Killed an eight-headed hydra
 11920 | Lair:1   | Identified a scroll of acquirement
 12212 | D:12     | Noticed a five-headed hydra
 12219 | D:12     | Killed a five-headed hydra
 12230 | D:12     | Found Hajuuf's Assorted Antiques.
 12269 | D:12     | Noticed Rupert
 12290 | D:12     | Killed Rupert
 12369 | D:12     | Killed a five-headed hydra
 12472 | D:12     | Found a staircase to the Orcish Mines.
 12564 | D:12     | Bought a translucent iron ring for 170 gold pieces
 12566 | D:12     | Identified the ring "Qingamif" {MR++ rCorr SInv} (You
                  | bought it in a shop on level 12 of the Dungeon)
 12603 | D:12     | Reached skill level 14 in Shields
 12609 | D:12     | Found a radiant altar of Vehumet.
 12787 | D:13     | Noticed a death knight
 12789 | D:13     | Noticed a centaur warrior
 12798 | D:12     | Killed a death knight
 13369 | D:12     | Received a gift from Okawaru
 13859 | D:13     | Killed a centaur warrior
 13862 | D:13     | Reached XP level 13. HP: 113/113 MP: 13/13
 14015 | D:13     | Reached skill level 10 in Fighting
 14503 | Lair:2   | Reached skill level 15 in Shields
 15671 | Lair:3   | Found a staircase to the Snake Pit.
 16645 | D:14     | Received a gift from Okawaru
 16773 | D:14     | Reached skill level 16 in Shields
 16997 | D:14     | Found a gate to the Vaults.
 17123 | D:14     | Found a runed translucent gate.
 17123 | D:14     | Found a runed translucent gate.
 17123 | D:14     | Found a runed translucent gate.
 17124 | D:14     | Noticed Hoavos's ghost (journeyman FoFi)
 17171 | D:14     | Found a portal to a secret trove of treasure.
 17181 | Trove    | Entered a treasure trove
 17733 | D:14     | Reached XP level 14. HP: 117/122 MP: 14/14
 17957 | D:14     | Killed Hoavos's ghost
 17999 | D:14     | Got a translucent lead ring
 18011 | D:14     | Identified the ring of the Jackalope {Wiz Dex+4} (You found
                  | it on level 14 of the Dungeon)
 18044 | D:15     | Entered Level 15 of the Dungeon
 18126 | Orc:1    | Entered Level 1 of the Orcish Mines
 18474 | Orc:2    | Entered Level 2 of the Orcish Mines
 19222 | Orc:2    | Found a roughly hewn altar of Beogh.
 19239 | Orc:2    | Noticed an orc warlord
 19638 | Orc:2    | Reached skill level 17 in Shields
 19699 | Orc:2    | Killed an orc warlord
 19763 | Orc:2    | Found Gaextuwu's Jewellery Shoppe.
 19784 | Orc:2    | Found Owkihick's General Store.
 19798 | Orc:2    | Bought a potion of mutation for 120 gold pieces
 19989 | Orc:2    | Found Upligaas's Antique Armour Shoppe.
 20004 | Orc:2    | Found Qenkonia's Antique Weapon Shoppe.
 20041 | Orc:2    | Found a staircase to the Elven Halls.
 20621 | D:15     | Got a serpentine garnet amulet
 20623 | D:15     | Identified the amulet of Xogofife {Regen+ Dex+5} (You found
                  | it on level 15 of the Dungeon)
 20721 | D:15     | Found Ujek Sie's Armour Boutique.
 20812 | D:15     | Found a staircase to the Depths.
 21211 | Lair:4   | Found a gate leading to a gauntlet.
 21244 | Gauntlet | Entered a Gauntlet
 21244 | Gauntlet | Found a transporter.
 21244 | Gauntlet | Found a transporter.
 21248 | Gauntlet | Found a transporter.
 21249 | Gauntlet | Found a transporter.
 21256 | Gauntlet | Found a transporter.
 21260 | Gauntlet | Found a large runed translucent door.
 21261 | Gauntlet | Found a large runed translucent door.
 21262 | Gauntlet | Found a large runed translucent door.
 21262 | Gauntlet | Found a large runed translucent door.
 21262 | Gauntlet | Found a large runed translucent door.
 21263 | Gauntlet | Found a runed translucent door.
 21282 | Gauntlet | Found a transporter.
 21289 | Gauntlet | Found a transporter.
 21290 | Gauntlet | Found a transporter.
 21292 | Gauntlet | Found a large runed translucent door.
 21293 | Gauntlet | Found a large runed translucent door.
 21295 | Gauntlet | Found a runed translucent gate.
 21302 | Gauntlet | Found a transporter.
 21335 | Gauntlet | Found a transporter.
 21342 | Gauntlet | Found a transporter.
 21372 | Gauntlet | Found a transporter.
 21416 | Gauntlet | Found a transporter.
 21433 | Gauntlet | Found a transporter.
 21553 | Gauntlet | Found a transporter.
 21555 | Gauntlet | Found a large runed translucent door.
 21556 | Gauntlet | Found a large runed translucent door.
 21557 | Gauntlet | Found a runed translucent door.
 21557 | Gauntlet | Found a large runed translucent door.
 21557 | Gauntlet | Found a large runed translucent door.
 21558 | Gauntlet | Found a large runed translucent door.
 21563 | Gauntlet | Found a large runed translucent door.
 21563 | Gauntlet | Found a large runed translucent door.
 21564 | Gauntlet | Found a large runed translucent door.
 21564 | Gauntlet | Found a large runed translucent door.
 21566 | Gauntlet | Found a runed translucent gate.
 21566 | Gauntlet | Found a runed translucent gate.
 21568 | Gauntlet | Found a transporter.
 21744 | Gauntlet | Got a pitted crystal plate armour
 21755 | Gauntlet | Identified the +14 crystal plate armour of Dogmatism {+Fly
                  | rCorr Int-5 Dex-2} (You found it in a Gauntlet)
 21755 | Gauntlet | Lost intelligence.
 21870 | Gauntlet | Reached XP level 15. HP: 98/133 MP: 15/15
 22193 | Lair:4   | Reached skill level 15 in Maces & Flails
 22237 | Lair:4   | Found a staircase to the Shoals.
 22256 | Lair:4   | Received a gift from Okawaru
 22400 | Lair:4   | Reached skill level 18 in Shields
 22438 | Lair:4   | Received a gift from Okawaru
 23297 | Lair:5   | Found a runed translucent door.
 23297 | Lair:5   | Found a viscous altar of Jiyva.
 23297 | Lair:5   | Found a staircase to the Slime Pits.
 24012 | Lair:6   | Entered Level 6 of the Lair of Beasts
 24253 | Lair:6   | Found a runed translucent door.
 24254 | Lair:6   | Noticed Puepiyp's ghost (journeyman VSTm)
 24276 | Lair:6   | Killed Puepiyp's ghost
 24925 | Lair:6   | Received a gift from Okawaru
 24943 | Lair:6   | Reached skill level 15 in Armour
 25433 | Shoals:1 | Entered Level 1 of the Shoals
 25484 | Shoals:1 | Reached skill level 19 in Shields
 25729 | Shoals:1 | Got a brightly glowing cloak
 25740 | Shoals:1 | Identified the +1 cloak "Raceen" {-Tele rC- MR+++ Slay+3}
                  | (You found it on level 1 of the Shoals)
 25783 | Shoals:1 | Found a gateway to a bazaar.
 25795 | Bazaar   | Entered a bazaar
 25796 | Bazaar   | Found Ceaxt's Food Shop.
 25800 | Bazaar   | Found Jewiar's Food Shoppe.
 25812 | Bazaar   | Found Vetwotaph's General Store.
 25818 | Bazaar   | Bought a scroll of magic mapping for 24 gold pieces
 25818 | Bazaar   | Bought a scroll of magic mapping for 24 gold pieces
 25818 | Bazaar   | Bought a scroll of identify for 14 gold pieces
 25818 | Bazaar   | Found Duykhlawn's Gadget Emporium.
 25850 | Bazaar   | Found Gukutz's Jewellery Shop.
 25858 | Bazaar   | Bought the amulet of Etupp {Faith MR+} for 420 gold pieces
 25858 | Bazaar   | Bought the brooch of Shielding {Reflect SH+8} for 850 gold
                  | pieces
 25858 | Bazaar   | Found the brooch of Shielding {Reflect SH+8}
 25858 | Bazaar   | Bought the amulet "Munumecheomp" {Acrobat rElec rC+ Int+2
                  | Stlth+} for 464 gold pieces
 25928 | Shoals:1 | Noticed Donald
 25947 | Shoals:1 | Killed Donald
 26117 | Shoals:1 | Noticed Josephine
 26133 | Shoals:1 | Killed Josephine
 26257 | Shoals:1 | Reached XP level 16. HP: 116/144 MP: 16/16
 26767 | Shoals:2 | Received a gift from Okawaru
 26776 | Shoals:2 | Got a warped chain mail {god gift}
 26787 | Shoals:2 | Identified the +8 chain mail of Spite {-Tele rC++} (Okawaru
                  | gifted it to you on level 2 of the Shoals)
 27413 | Shoals:2 | You fall into a shaft and drop 1 floor!
 27601 | Shoals:2 | Noticed Xuajume's ghost (adept SpCj)
 27603 | Shoals:2 | Found a transporter.
 27630 | Shoals:2 | Found a transporter.
 27725 | Shoals:2 | Reached skill level 20 in Shields
 27743 | Shoals:2 | Killed Xuajume's ghost
 29218 | Shoals:3 | Noticed Ilsuiw
 29226 | Shoals:3 | Noticed Polyphemus
 29245 | Shoals:3 | Killed Polyphemus
 29793 | Shoals:3 | Received a gift from Okawaru
 30189 | Shoals:4 | Entered Level 4 of the Shoals
 31112 | Shoals:4 | Reached skill level 21 in Shields
 31512 | Shoals:4 | Reached XP level 17. HP: 152/152 MP: 16/18
 31807 | Shoals:4 | Identified Roxanne's Collected Works on Shape Shifting
 31807 | Shoals:4 | Noticed Roxanne
 31853 | Shoals:4 | Killed Roxanne
 32432 | Shoals:4 | Got a barnacled rune of Zot
 32657 | Shoals:4 | Got diamond-studded steam dragon scales
 32668 | Shoals:4 | Identified the +2 steam dragon scales of the Furies {*Slow
                  | +Inv rPois MR+} (You found it on level 4 of the Shoals)
 32872 | Shoals:3 | HP: 4/154 [drowned by a water elemental[Ilsuiw] (5)]
 32872 | Shoals:3 | Slain by a merfolk

Levels and vault maps discovered:
D:1:      ncdulo_watergridlock, layout_loops_ring,
          hangedman_decor_clover_reticule, hangedman_glass_teeth
D:2:      layout_basic, nicolae_qazlal_style_of_elements, first_ration
D:3:      layout_loops_cross, yredelemnul_altar_generic
D:4:      layout_rooms, grunt_temple_overflow_diamond, uniq_eustachio
D:5:      layout_layer_cave, serial_park_tiny_pond
D:6:      layout_gridville, kiku_gazebo_garden_becter, palyth_stone_intersect,
          serial_bayou_pond_d, tgw_xom
D:7:      layout_loops_ring, minmay_temple_entry_drinking_statues,
          uniq_crazy_yiuf_cottage
D:8:      layout_basic, marbit_many_paths, kennysheep_mini
D:9:      layout_irregular_city, enter_bailey_7
D:10:     layout_long_grid, due_lair_maze_entry_diamond, uniq_erolcha,
          uniq_nergalle, uniq_grum, uniq_psyche
D:11:     layout_basic
D:12:     layout_roguey, orc_0_dummy, serial_shops, nicolae_shop_statue_plus,
          basic_altar, hangedman_fish_farm, uniq_rupert
D:13:     layout_rooms
D:14:     layout_long_grid, hangedman_vaults_entry_quadrant_bands,
          nicolae_trove_entry_columns, gammafunk_ghost_spectres,
          eino_tiny_chamber, minmay_misc_feat_encased, minmay_misc_feat_hallway,
          kennysheep_generic_room_2
D:15:     hangedman_depths_entry_try_elsewhere_first, layout_rooms,
          minmay_misc_feat_roman, serial_shops, nicolae_shop_trees
Lair:1:   layout_gridlike, grunt_megastairs_3, uniq_sonja
Lair:2:   layout_regular_city, minmay_lair_oklob_chamber, grunt_megastairs_4,
          infiniplex_staircase_pool, lemuel_fruit_tree, lemuel_fruit_fields,
          lemuel_fruit_fields
Lair:3:   layout_long_grid, minmay_snake_entry_six_corridors
Lair:4:   layout_misc_corridors, minmay_shoals_entry_beasts,
          gauntlet_entry_generic, special_room [special_room_bee],
          serial_bayou_shore_a
Lair:5:   layout_misc_corridors, slime_altar_2, wad_woods_03
Lair:6:   evilmike_catoblepas_cave, layout_long_grid, ebering_ghost_inner_flame,
          lemuel_old_faithful
Shoals:1: layout_shoals, serial_shops, bzr_entry_dummy,
          nicolae_shoals_aquamancer_cove, uniq_donald, uniq_josephine
Shoals:2: layout_shoals, gammafunk_ghost_arena
Shoals:3: layout_shoals, uniq_ilsuiw, uniq_polyphemus
Shoals:4: shoals_end_grunt_ice, layout_shoals, yaktaur_hedge, uniq_roxanne
Orc:1:    cheibrodos_orc_bank, layout_diamond_mine
Orc:2:    grunt_orc_cross, layout_caves

Skill      XL: |  1  2  3  4  5  6  7  8  9 10 11 12 13 14 15 16 |
---------------+-------------------------------------------------+-----
Fighting       | 4 5 6 7 8 9 10 12 13 14 | 14.4
Armour         | 4 5 6 7 9 10 11 12 14 15 16 | 16.3
Shields        | 4 5 6 7 8 9 11 13 14 16 17 19 21 | 21.6
Long Blades    | 3 4 5 6 8 |  8.9
Dodging        | 1 2 3 |  3.9
Stealth        | 1 2 |  2.1
Maces & Flails | 3 7 10 12 14 15 16 | 16.3
Invocations    | 1 2 |  2.7
Evocations     | |  0.9

Action                   |  1- 3 |  4- 6 |  7- 9 | 10-12 | 13-15 | 16-18 || total
-------------------------+-------+-------+-------+-------+-------+-------++-------
Melee: Long sword        |   109 |   148 |   194 |       |       |       ||   451
       Headbutt          |    16 |    25 |    79 |    99 |   500 |   185 ||   904
       Falchion          |       |       |    85 |       |       |       ||    85
       Mace              |       |       |   108 |   528 |  1732 |   878 ||  3246
Invok: Heroism           |       |       |     1 |    11 |     8 |    10 ||    30
       Finesse           |       |       |       |     1 |       |       ||     1
Evoke: Wand              |       |       |       |     4 |       |       ||     4
  Use: Potion            |     3 |     2 |     2 |     1 |       |     1 ||     9
       Scroll            |       |     3 |     9 |     8 |    12 |     2 ||    34
  Eat: Chunk             |       |     6 |    11 |    19 |    27 |    21 ||    84
       Ration            |       |       |     2 |     1 |     4 |     1 ||     8
Armor: Scale mail        |    64 |    14 |       |       |       |       ||    78
       Chain mail        |       |   106 |   224 |       |       |       ||   330
       Crystal plate arm |       |       |       |   445 |   822 |   462 ||  1729
       Plate armour      |       |       |       |     5 |       |       ||     5
Dodge: Dodged            |    45 |    60 |   171 |   142 |   301 |   148 ||   867
Block: Shield            |    83 |   155 |   300 |   443 |  1213 |  1041 ||  3235
       Reflection        |       |       |       |       |     4 |    54 ||    58
       Rpst.: Long sword |    11 |    20 |    11 |       |       |       ||    42
       Falchion          |       |       |     7 |       |       |       ||     7
